[Event "*** SCC Grand Prix: Titled Tuesday Blitz"]
[Site "Chess.com"]
[Date "2020.09.29"]
[Round "6"]
[White "RestartingChess"]
[Black "Fischerev7"]
[Result "0-1"]
[WhiteElo "2502"]
[BlackElo "2362"]
[TimeControl "180+1"]
[EndTime "11:05:13 PDT"]
[Termination "Fischerev7 won by checkmate"]

1. e4 c5 2. Nf3 d6 3. Bb5+ Nd7 4. c4 e5 5. Nc3 Nf6 6. d3 h6 7. h3 Be7 8. Be3 O-O 9. Bxd7 Bxd7 10. Nd5 Nxd5 11.
cxd5 f5 12. exf5 Bxf5 13. Qb3 Qa5+ 14. Nd2 b5 15. O-O a6 16. Ne4 c4 17. Qd1 cxd3 18.
Qxd3 Qb4 19. f3 Rac8 20. b3 Bxe4 21. fxe4 Qc3 22. Rxf8+ Bxf8 23. Qxc3 Rxc3 24. Kf2 Rc2+ 25. Kf3 Be7 26. a4 Rc3 27. axb5 axb5 28. Kf2 Rxb3 29.
Ra7 Kf7 30. Bb6 Ke8 31. Ra8+ Kf7 32. Ra7 Kf6 33. Bc7 Rb2+ 34. Kf3 Rc2 35. Rb7 b4 36.
Ba5 Rc3+ 37. Kf2 Rc4 38. Rxb4 Rxb4 39. Bxb4 Kf7 40. Kf3 h5 41. Ke3 Ke8 42. Kd3 Kd7 43. Kc4 Bd8 44. Kb5 Bg5 45. Be1 Be3 46. Kc4 g6 47. Kd3 Bc5 48. Ke2 Ke7 49. Kf3 Kf6 50.
Bh4+ Kf7 51. Bd8 Bb4 52. g4 Bc5 53. gxh5 gxh5 54. Kg3 Kg6 55. Be7 Bb4 56. Kh4 Be1# 0-1

[Event "*** SCC Grand Prix: Titled Tuesday Blitz"]
[Site "Chess.com"]
[Date "2020.09.29"]
[Round "6"]
[White "Gahan-MG"]
[Black "TheCavemanChesss"]
[Result "0-1"]
[WhiteElo "2569"]
[BlackElo "2453"]
[TimeControl "180+1"]
[EndTime "11:05:14 PDT"]
[Termination "TheCavemanChesss won by resignation"]

1. e4 c5 2. c3 e6 3. d4 d5 4.
exd5 exd5 5. Nf3 Nf6 6. Bb5+ Bd7 7. Bxd7+ Nbxd7 8. O-O Be7 9. dxc5 Nxc5 10. Re1 O-O 11.
Be3 Re8 12. Nbd2 Rc8 13. Nb3 Nce4 14. Nbd4 Bd6 15. h3 a6 16. Qb3 Qc7 17. Rad1 h6 18.
Nf5 Bc5 19. Bd4 Kh7 20. Qc2 g6 21. Ne3 Rcd8 22. h4 Qf4 23. Bxc5 Nxc5 24. Rd4 Re4 25. Qd1 Ne6 26. Rd3 Qd6 27. g3 Qb6 28. b3 Qa5 29. a4 Qc5 30. Kg2 d4 31. cxd4 Nxd4 32. Nc4 Nxf3 33.
Kxf3 Rxd3+ 34. Qxd3 Rxe1 0-1

[Event "*** SCC Grand Prix: Titled Tuesday Blitz"]
[Site "Chess.com"]
[Date "2020.09.29"]
[Round "6"]
[White "Rogarcia1"]
[Black "ural58"]
[Result "0-1"]
[WhiteElo "2079"]
[BlackElo "2346"]
[TimeControl "180+1"]
[EndTime "11:05:14 PDT"]
[Termination "ural58 won by resignation"]

1. e4 d5 2. exd5 Qxd5 3. Nc3 Qa5 4. d4 Nf6 5. Nf3 Nc6 6. Bb5 Ne4 7. Bxc6+ bxc6 8. O-O Nxc3 9. bxc3 Bf5 10. Bf4 Qxc3 11. Bxc7 e6 12. Qc1 Ba3 13. Qf4 O-O 14. Nh4 Bxc2 15.
Rae1 Be7 16. Re3 Qd2 17. Nf3 Qb4 18. Qg3 Bg6 19. Rd1 Rac8 20. Be5 Rfd8 21. h4 h5 22. Ng5 c5 23. Nf3 Bf6 24. Bxf6 gxf6 25. Qf4 Kg7 26. g4 hxg4 27. Qxg4 cxd4 28. h5 Qc5 29. hxg6 dxe3 30. gxf7+ Kxf7 31. Rf1 Rg8 0-1

[Event "*** SCC Grand Prix: Titled Tuesday Blitz"]
[Site "Chess.com"]
[Date "2020.09.29"]
[Round "6"]
[White "boasovietica"]
[Black "CaspiIsrael"]
[Result "0-1"]
[WhiteElo "2439"]
[BlackElo "2597"]
[TimeControl "180+1"]
[EndTime "11:05:15 PDT"]
[Termination "CaspiIsrael won on time"]

1. e4 d5 2. Nc3 d4 3. Nce2 c5 4. d3 Nc6 5. g3 h5 6. Nf3 e5 7.
Bg2 Be7 8. O-O h4 9. Ne1 g5 10. f4 hxg3 11. hxg3 gxf4 12. gxf4 Nh6 13. f5 Bg5 14. c3 Bxc1 15. Rxc1 Ng4 16. cxd4 Ne3 17. Qa4 cxd4 18. Rxc6 bxc6 19. Qxc6+ Bd7 20. Qc5 Qe7 21. Qc7 Nxf1 22. Kxf1 Rc8 23. Qxa7 Rh6 24. Qa5 Qc5 25. Qd2 Ra6 26. a3 Rb8 27. b4 Qe7 28. Qb2 Bb5 29. Qb3 Rba8 30. Nf3 Rxa3 31. Qd5 Bxd3 32. Nxe5 Bxe2+ 33. Kxe2 d3+ 34. Ke3 d2+ 35. Kf4 Qh4+ 36. Ng4 Qg3+ 37. Kg5 d1=Q 38. e5 Qgxg4+ 0-1

[Event "*** SCC Grand Prix: Titled Tuesday Blitz"]
[Site "Chess.com"]
[Date "2020.09.29"]
[Round "6"]
[White "freshfoodcompany"]
[Black "checkmatequen"]
[Result "1-0"]
[WhiteElo "2398"]
[BlackElo "2294"]
[TimeControl "180+1"]
[EndTime "11:05:15 PDT"]
[Termination "freshfoodcompany won on time"]

1. d4 Nf6 2. c4 g6 3. Nc3 Bg7 4. e4 d6 5. Nf3 O-O 6. Be2 e5 7. d5 Nbd7 8. Bg5 Nc5 9. Nd2 h6 10. Be3 Kh7 11. b4 Na6 12. Rb1 c5 13. dxc6 bxc6 14. O-O Be6 15. c5 d5 16. exd5 cxd5 17. Bxa6 d4 18. Bxd4 exd4 19. Nce4 Nxe4 20. Nxe4 Bd5 21.
Re1 Qh4 22. Ng3 Rae8 23. Qd2 f5 24. Bb5 Rxe1+ 25. Rxe1 f4 26. Ne4 Rf7 27. Nd6 Rf6 28.
Ne8 Re6 29. Rxe6 Bxe6 30. Nxg7 Kxg7 31. Qxd4+ Kh7 32. Bc4 Bf5 33. Qd6 1-0

[Event "*** SCC Grand Prix: Titled Tuesday Blitz"]
[Site "Chess.com"]
[Date "2020.09.29"]
[Round "6"]
[White "karinachess1"]
[Black "SHIVACalypso"]
[Result "1-0"]
[WhiteElo "2502"]
[BlackElo "2340"]
[TimeControl "180+1"]
[EndTime "11:05:16 PDT"]
[Termination "karinachess1 won by resignation"]

1. e4 e6 2. d4 d5 3. Nc3 Nf6 4. e5 Nfd7 5. f4 c5 6. Nf3 Nc6 7. Be3 Be7 8. Qd2 O-O 9. dxc5 Qa5 10. Nd4 Nxc5 11. Be2 f6 12. exf6 Bxf6 13. O-O Ne4 14. Nxe4 Qxd2 15. Nxf6+ gxf6 16. Bxd2 Nxd4 17. Bd3 Bd7 18.
c3 Nc6 19. Rae1 e5 20. fxe5 fxe5 21. Bh6 Rxf1+ 22. Rxf1 e4 23. Be2 Ne7 24. g4 Ng6 25.
h3 Re8 26. Kh2 Re7 27. h4 Rf7 28. Rxf7 Kxf7 29. Kg3 Kf6 30. h5 Ne5 31. Be3 Nc6 32. Kf4 h6 33. Kg3 Kg7 34. a3 b6 35. Kf4 Kf6 36.
Bf2 Ke6 37. g5 hxg5+ 38. Kxg5 Ne5 39. h6 Nf7+ 40. Kg6 Ne5+ 41. Kg7 Nf7 42. Bg4+ 1-0

[Event "*** SCC Grand Prix: Titled Tuesday Blitz"]
[Site "Chess.com"]
[Date "2020.09.29"]
[Round "6"]
[White "gumimis"]
[Black "dianamirza"]
[Result "1-0"]
[WhiteElo "2217"]
[BlackElo "1956"]
[TimeControl "180+1"]
[EndTime "11:05:16 PDT"]
[Termination "gumimis won on time"]

1. e4 e5 2. Nf3 d6 3. d4 exd4 4. Nxd4 Nf6 5. Nc3 g6 6. Be2 Bg7 7. Be3 O-O 8. h4 Nc6 9. h5 Re8 10. hxg6 fxg6 11. Bc4+ Kh8 12. Qf3 Bg4 13. Qg3 Nxd4 14.
Bxd4 Nxe4 15. Qh2 Ng3+ 16. Kd2 Nxh1 17. Rxh1 h5 18. f3 Bxd4 19. fxg4 Qg5+ 20. Kd1 Bxc3 21.
bxc3 Qxg4+ 22. Kc1 Qxc4 23. Qg3 Qe2 24. Qxg6 Qe3+ 25.
Kb2 Qb6+ 26. Ka1 1-0

[Event "*** SCC Grand Prix: Titled Tuesday Blitz"]
[Site "Chess.com"]
[Date "2020.09.29"]
[Round "6"]
[White "LubovMarkelova"]
[Black "gagtemp"]
[Result "1-0"]
[WhiteElo "2224"]
[BlackElo "1963"]
[TimeControl "180+1"]
[EndTime "11:05:18 PDT"]
[Termination "LubovMarkelova won by checkmate"]

1. Nf3 d5 2. d4 e6 3. c4 c5 4. e3 Nc6 5. Nc3 Nf6 6. cxd5 exd5 7.
Bb5 cxd4 8. Nxd4 Be7 9. Nxc6 bxc6 10. Bxc6+ Bd7 11. Bxa8 Qxa8 12. O-O Bc6 13. b3 O-O 14. Ne2 Rd8 15. Bb2 d4 16. Bxd4 Bxg2 17. Re1 Bf3 18. Qc2 Be4 19. Qc7 Bd6 20. Qxa7 Qd5 21. Ng3 Bxg3 22. fxg3 Bh1 23. Re2 Bf3 24. Rf2 Bh1 25.
Qc5 Qa8 26. Bxf6 gxf6 27. Qf5 Rd6 28. Raf1 Kh8 29. h4 Kg8 30. Kh2 Be4 31. Qg4+ Kf8 32. Rxf6 Bh1 33. Rxf7+ Ke8 34. Qg8# 1-0

[Event "*** SCC Grand Prix: Titled Tuesday Blitz"]
[Site "Chess.com"]
[Date "2020.09.29"]
[Round "6"]
[White "winniethepooh04"]
[Black "maxip32"]
[Result "0-1"]
[WhiteElo "2202"]
[BlackElo "2346"]
[TimeControl "180+1"]
[EndTime "11:05:20 PDT"]
[Termination "maxip32 won by resignation"]

1. d4 g6 2. Nf3 Bg7 3. Bf4 d6 4. h3 Nd7 5. e3 e5 6. Bh2 Qe7 7. Be2 f5 8. O-O Ngf6 9. c4 O-O 10. Nc3 c6 11. Rc1 e4 12. Nd2 a6 13. b4 b6 14.
c5 bxc5 15. bxc5 dxc5 16. Nc4 cxd4 17. Qxd4 Ne8 18. Qd2 Ne5 19. Nxe5 Bxe5 20. Bxe5 Qxe5 21. Na4 Nf6 22. Nb6 Rb8 23. Rxc6 Bb7 24. Bc4+ Kh8 25.
Re6 Qc7 26. Qc3 Qg7 27. Rd1 Bc8 28. Nxc8 Rbxc8 29. Qb3 a5 30. Rb6 g5 31. Rb7 Qg6 32.
Rd6 f4 33. Bf7 Qf5 34. Rb5 Rc1+ 35. Kh2 Rc5 36. Rxc5 Qxc5 37. Rxf6 fxe3 38. fxe3 Qe5+ 39. g3 Qxf6 0-1

[Event "*** SCC Grand Prix: Titled Tuesday Blitz"]
[Site "Chess.com"]
[Date "2020.09.29"]
[Round "6"]
[White "liczner"]
[Black "Marcin"]
[Result "1-0"]
[WhiteElo "2674"]
[BlackElo "2471"]
[TimeControl "180+1"]
[EndTime "11:05:22 PDT"]
[Termination "liczner won on time"]

1. e4 c6 2. d4 d5 3. Nc3 dxe4 4.
Nxe4 Nd7 5. Nf3 Ngf6 6. Ng3 e6 7.
Bd3 c5 8. O-O Be7 9. c3 O-O 10.
Qe2 Qc7 11. Be3 b6 12. Rad1 Bb7 13. Bb1 Nd5 14. Bc1 Nf4 15. Qe3 Ng6 16. d5 Bxd5 17.
Rxd5 exd5 18. Bxg6 hxg6 19. Qxe7 Rae8 20. Qh4 Nf6 21. Bf4 Qd7 22. Ng5 Re7 23. h3 Rfe8 24. Be3 Qd6 25. Rd1 Rd7 26. b4 cxb4 27. cxb4 Rc8 28. a3 Rc4 29. Rd4 Rxd4 30. Bxd4 Kf8 31. Qh8+ Ke7 32. Qxg7 1-0

[Event "*** SCC Grand Prix: Titled Tuesday Blitz"]
[Site "Chess.com"]
[Date "2020.09.29"]
[Round "6"]
[White "penguingm1"]
[Black "Legendinunknown"]
[Result "1-0"]
[WhiteElo "2890"]
[BlackElo "2648"]
[TimeControl "180+1"]
[EndTime "11:05:23 PDT"]
[Termination "penguingm1 won by resignation"]

1. d4 Nf6 2. c4 g6 3. f3 Bg7 4. e4 d6 5. Nc3 O-O 6. Nge2 e5 7. dxe5 dxe5 8. Qxd8 Rxd8 9. Nd5 Nxd5 10. cxd5 c6 11. Nc3 Nd7 12. Bg5 f6 13. Be3 Nb6 14. a3 Bd7 15. h4 Bf8 16. h5 Rac8 17. hxg6 hxg6 18. Rd1 Kf7 19. Be2 cxd5 20. Nxd5 Nxd5 21.
Rxd5 b6 22. Rh7+ Ke8 23. Ba6 Rc7 24. Bb5 Rb7 25. g4 Rc7 26. g5 f5 27. Rxe5+ 1-0

[Event "*** SCC Grand Prix: Titled Tuesday Blitz"]
[Site "Chess.com"]
[Date "2020.09.29"]
[Round "6"]
[White "ViditYT"]
[Black "GelmanAlexander"]
[Result "1-0"]
[WhiteElo "2723"]
[BlackElo "2536"]
[TimeControl "180+1"]
[EndTime "11:05:23 PDT"]
[Termination "ViditYT won on time"]

1. d4 Nf6 2. c4 c5 3. d5 b5 4. cxb5 a6 5. bxa6 e6 6. Nc3 exd5 7. Nxd5 Nxa6 8. e4 Nxd5 9. Qxd5 Nc7 10. Qd1 Bb7 11. Bd3 d5 12. exd5 Qxd5 13. Nf3 O-O-O 14.
Be2 Qe4 15. Qb3 c4 16. Qa4 Bc5 17. Qxc4 Bb4+ 18. Bd2 Rxd2 19. Nxd2 Bxd2+ 20. Kxd2 Rd8+ 21. Ke1 Qxg2 22. Qg4+ f5 23. Qxg2 Bxg2 24. Rg1 Be4 25. Rxg7 Nd5 26. Rc1+ Kb8 27. f3 1-0

[Event "*** SCC Grand Prix: Titled Tuesday Blitz"]
[Site "Chess.com"]
[Date "2020.09.29"]
[Round "6"]
[White "Nikolaj_6"]
[Black "ARTHURMOTIVATOR"]
[Result "0-1"]
[WhiteElo "2550"]
[BlackElo "2367"]
[TimeControl "180+1"]
[EndTime "11:05:23 PDT"]
[Termination "ARTHURMOTIVATOR won by resignation"]

1. e4 c6 2. d4 d5 3. e5 g6 4.
c4 Bg7 5. Nc3 Nh6 6. h3 O-O 7.
Nf3 f6 8. Be2 Be6 9. cxd5 cxd5 10. O-O Nc6 11. exf6 exf6 12. Re1 Qd7 13. Na4 b6 14.
Bb5 Nf7 15. Bf4 Rac8 16. Rc1 g5 17. Bg3 g4 18. hxg4 Bxg4 19. Qd3 Nd6 20. Bxd6 Qxd6 21. Nh4 f5 22. Bxc6 Rxc6 23. f3 Rxc1 24. Rxc1 Qg3 25.
Rd1 Bh3 26. Nc3 Qxh4 27. gxh3 Qg3+ 28. Kf1 Qxh3+ 29. Kf2 Qh2+ 30. Kf1 Qh3+ 31. Kf2 Qh2+ 32. Kf1 Bf6 33. Rd2 Qh1+ 34. Ke2 Re8+ 35. Qe3 Rxe3+ 36.
Kxe3 Bg5+ 37. f4 Bxf4+ 38. Kxf4 Qh6+ 39. Ke5 Qxd2 40. Nxd5 Qxb2 0-1

[Event "*** SCC Grand Prix: Titled Tuesday Blitz"]
[Site "Chess.com"]
[Date "2020.09.29"]
[Round "6"]
[White "night_player"]
[Black "VladaSviridova"]
[Result "1-0"]
[WhiteElo "2097"]
[BlackElo "2246"]
[TimeControl "180+1"]
[EndTime "11:05:23 PDT"]
[Termination "night_player won by resignation"]

1. e4 e6 2. d4 d5 3. Nd2 c5 4. c3 cxd4 5. cxd4 dxe4 6. Nxe4 Nf6 7. Nxf6+ Qxf6 8. Nf3 Nc6 9. Bb5 Bd7 10. O-O Bd6 11.
d5 exd5 12. Qxd5 O-O 13. Rd1 Nb4 14. Qxd6 Qxd6 15. Rxd6 Bxb5 16. Bf4 h6 17. a3 Nc6 18. b4 Rfd8 19. Rad1 Rxd6 20. Rxd6 Rd8 21. Rxd8+ Nxd8 22. Nd4 Bd7 23. Kf1 Ne6 24. Nxe6 Bxe6 25. Ke2 g5 26. Bd6 b5 27. Kd3 f5 28. Kd4 Kf7 29. Kc5 Bd7 30. Bb8 a6 31. Kb6 Bc8 32. Kc7 Be6 33. Kb6 Bc8 34.
Kc7 Be6 35. Kd6 Bc8 36. Ba7 Bb7 37. g3 h5 38. Kc7 Bd5 39. Kb6 Ke6 40. Kxa6 Bc4 41.
Ka5 f4 42. a4 bxa4 43. Kxa4 f3 44. Be3 Kf5 45. b5 Kg4 46. b6 Bd5 47. Ka5 Kh3 48. Bxg5 Kxh2 49. Ka6 Kg2 50. Be3 Kh3 51. b7 Bxb7+ 52.
Kxb7 h4 53. gxh4 Kxh4 54. Kc6 1-0

[Event "*** SCC Grand Prix: Titled Tuesday Blitz"]
[Site "Chess.com"]
[Date "2020.09.29"]
[Round "6"]
[White "kuban1991"]
[Black "GregShahade"]
[Result "0-1"]
[WhiteElo "2819"]
[BlackElo "2637"]
[TimeControl "180+1"]
[EndTime "11:05:24 PDT"]
[Termination "GregShahade won by checkmate"]

1. Nf3 Nf6 2. g3 g6 3. Bg2 Bg7 4. O-O O-O 5. c4 d5 6. cxd5 Nxd5 7. Nc3 Nb6 8. d3 Nc6 9. Bd2 e5 10. Rc1 Nd4 11. Nxd4 exd4 12. Ne4 c6 13. Nc5 Re8 14.
Re1 Nd5 15. Qb3 b6 16. Ne4 Bb7 17. Bg5 Qd7 18. Rcd1 c5 19. a3 h6 20. Bc1 Kh7 21. h4 f5 22. Nd2 f4 23. Ne4 fxg3 24. fxg3 Ne3 25. Bxe3 dxe3 26. Rf1 Rf8 27. Kh2 Be5 28. h5 Kg7 29. Nxc5 Bxg3+ 30. Kg1 Bf2+ 31. Rxf2 exf2+ 32. Kh2 Qd6+ 33. Kh1 f1=Q+ 34. Rxf1 Rxf1# 0-1

[Event "*** SCC Grand Prix: Titled Tuesday Blitz"]
[Site "Chess.com"]
[Date "2020.09.29"]
[Round "6"]
[White "Harsha_Bharathakoti"]
[Black "MVM2008"]
[Result "1-0"]
[WhiteElo "2757"]
[BlackElo "2245"]
[TimeControl "180+1"]
[EndTime "11:05:25 PDT"]
[Termination "Harsha_Bharathakoti won by resignation"]

1. d4 Nf6 2. c4 g6 3. Nc3 Bg7 4. e4 d6 5. Be2 a6 6. Nf3 O-O 7. O-O Nbd7 8. Re1 c6 9. a4 e5 10.
Qc2 exd4 11. Nxd4 Nc5 12. Be3 Re8 13. f3 a5 14. Rad1 Qc7 15. Ndb5 cxb5 16. Nxb5 Qe7 17. Nxd6 b6 18. Nxe8 Qxe8 19. b3 Bb7 20. Bd4 Rd8 21.
Bc3 Rxd1 22. Rxd1 Nfxe4 23. Bxg7 Kxg7 24. fxe4 Bxe4 25. Qc3+ Kg8 26. Bf3 Bxf3 27. Qxf3 Qe5 28. Kh1 Kg7 29. Qf2 Ne4 30. Qd4 Qxd4 31. Rxd4 Nc5 32.
Rd6 Nxb3 33. Rxb6 Nc5 34. Rb5 Nxa4 35. Rxa5 Nb6 36. c5 Nc8 37. c6 Kf6 38. Ra8 Nb6 39. c7 Nxa8 40. c8=Q 1-0

[Event "*** SCC Grand Prix: Titled Tuesday Blitz"]
[Site "Chess.com"]
[Date "2020.09.29"]
[Round "6"]
[White "XDPS"]
[Black "Iskusnyh"]
[Result "1-0"]
[WhiteElo "2761"]
[BlackElo "2549"]
[TimeControl "180+1"]
[EndTime "11:05:25 PDT"]
[Termination "XDPS won by checkmate"]

1. e4 e6 2. b3 d5 3. Bb2 dxe4 4. Nc3 Nf6 5. Qe2 Nc6 6. Nxe4 Be7 7. O-O-O Nxe4 8. Qxe4 Bf6 9. d4 O-O 10. f4 Qd5 11.
Qe3 a5 12. Nf3 a4 13. Bc4 Qa5 14. Qe1 axb3 15. Qxa5 Nxa5 16. Bxb3 b5 17. d5 Bxb2+ 18. Kxb2 Nxb3 19. axb3 Bb7 20. dxe6 fxe6 21. Nd4 Rxf4 22. Nxe6 Rf2 23. Rd7 Rxg2 24. Rxc7 Be4 25. Re1 Bf5 26. Nd4 Bg6 27. Ree7 b4 28. Rxg7+ Kh8 29. h4 Rd8 30. h5 Rxd4 31. hxg6 hxg6 32. Rge7 Rd8 33. Re4 Rg8 34. Rh4# 1-0

[Event "*** SCC Grand Prix: Titled Tuesday Blitz"]
[Site "Chess.com"]
[Date "2020.09.29"]
[Round "6"]
[White "ChessSkool"]
[Black "venus02"]
[Result "1-0"]
[WhiteElo "2706"]
[BlackElo "2470"]
[TimeControl "180+1"]
[EndTime "11:05:25 PDT"]
[Termination "ChessSkool won by checkmate"]

1. c4 c6 2. Nf3 d5 3. g3 Nf6 4.
Bg2 g6 5. b3 Bg7 6. Bb2 O-O 7.
O-O b6 8. d3 Bb7 9. Nbd2 c5 10.
cxd5 Nxd5 11. Bxg7 Kxg7 12. Qc1 Nc6 13. Qb2+ Kg8 14.
a3 a5 15. Rac1 Rc8 16. h4 Nf6 17. Rfd1 Ba8 18. Nc4 Re8 19. d4 Nxd4 20. Nxd4 cxd4 21. Rxd4 Qc7 22. Bxa8 Rxa8 23. Nd6 Qa7 24. Nxe8 Rxe8 25. Qd2 Qb8 26. Rd1 Qe5 27. b4 h5 28. bxa5 bxa5 29.
a4 Qf5 30. Qd3 Qh3 31. Qf3 Qe6 32. Kg2 Kg7 33. Rd8 Rxd8 34. Rxd8 Qc4 35. Qa8 Qxe2 36. Qxa5 Ng4 37. Qc3+ e5 38. Qf3 Qa2 39. Rd7 e4 40.
Qc3+ Kf8 41. Qh8# 1-0

[Event "*** SCC Grand Prix: Titled Tuesday Blitz"]
[Site "Chess.com"]
[Date "2020.09.29"]
[Round "6"]
[White "Rital44"]
[Black "ChessWarrior3"]
[Result "1-0"]
[WhiteElo "2353"]
[BlackElo "2142"]
[TimeControl "180+1"]
[EndTime "11:05:25 PDT"]
[Termination "Rital44 won by checkmate"]

1. e4 c5 2. Nf3 d6 3. d4 cxd4 4. Nxd4 Nf6 5. Nc3 a6 6. Be3 e5 7.
Nb3 Be6 8. h3 Nbd7 9. g4 Nb6 10.
g5 Nfd7 11. Nd5 Nxd5 12. exd5 Bf5 13. Bd3 Bg6 14. h4 Bxd3 15. Qxd3 Be7 16. O-O-O b5 17. Kb1 Nb6 18. Na5 Qc7 19. Nc6 Nc4 20. h5 Nxe3 21.
Qxe3 a5 22. f4 exf4 23. Qxf4 O-O 24. Rdg1 Rae8 25. Qf5 Bd8 26. a3 g6 27. Qh3 Re2 28. Rf1 Rfe8 29. Qf3 Bxg5 30. Nd4 R2e3 31. Qf2 b4 32. hxg6 fxg6 33. Ne6 R3xe6 34. dxe6 bxa3 35. Qf7+ Qxf7 36. exf7+ Kf8 37. fxe8=Q+ Kxe8 38. Rxh7 a2+ 39. Kxa2 d5 40. Rff7 d4 41. Ra7 Be7 42. Rhxe7+ Kf8 43. Rh7 Kg8 44. Rhb7 a4 45. Rb8# 1-0

[Event "*** SCC Grand Prix: Titled Tuesday Blitz"]
[Site "Chess.com"]
[Date "2020.09.29"]
[Round "6"]
[White "Nachsueb"]
[Black "pavelalexandru07"]
[Result "1-0"]
[WhiteElo "2035"]
[BlackElo "2227"]
[TimeControl "180+1"]
[EndTime "11:05:26 PDT"]
[Termination "Nachsueb won by resignation"]

1. c4 Nf6 2. Nc3 c5 3. g3 d5 4. cxd5 Nxd5 5. Bg2 Nxc3 6. bxc3 Nc6 7. Nf3 e5 8. d3 Be7 9. O-O O-O 10. Rb1 Qc7 11.
Nd2 Be6 12. c4 Rad8 13. Ne4 b6 14. Qc2 h6 15. Nc3 Nd4 16. Qb2 Bf6 17. Nd5 Bxd5 18. Bxd5 e4 19. Qd2 Bg5 20. Qd1 Bxc1 21. Rxc1 exd3 22. Qxd3 Rfe8 23. e3 Nc6 24. Rcd1 Ne5 25. Qf5 Qe7 26. e4 Nd7 27. f4 Nf6 28. e5 Nxd5 29.
cxd5 Qb7 30. d6 Qc6 31. Qd3 Rd7 32. Qd5 Qa4 33. Rfe1 c4 34. f5 c3 35. e6 c2 36.
exd7 cxd1=Q 37. dxe8=Q+ Kh7 38. Qxd1 Qxe8 1-0

[Event "*** SCC Grand Prix: Titled Tuesday Blitz"]
[Site "Chess.com"]
[Date "2020.09.29"]
[Round "6"]
[White "HanSchut"]
[Black "JiiHart"]
[Result "0-1"]
[WhiteElo "2215"]
[BlackElo "2074"]
[TimeControl "180+1"]
[EndTime "11:05:26 PDT"]
[Termination "JiiHart won by checkmate"]

1. e4 c5 2. Nf3 Nc6 3. d4 cxd4 4. Nxd4 Nf6 5. Nc3 d6 6. Bg5 e6 7. Qd2 a6 8. O-O-O Bd7 9. f4 h6 10. Bxf6 Qxf6 11. Nf3 Qd8 12. Bd3 Qc7 13. Rhe1 Be7 14. Nd5 exd5 15. exd5 O-O-O 16. dxc6 Bxc6 17. Qe3 Bf6 18. Qa7 g6 19. Re3 Rhe8 20. g3 Rxe3 21. Qxe3 Re8 22.
Qf2 Qa5 23. a3 Qd5 24. Nd2 Qd4 25. Qxd4 Bxd4 26. Nc4 Kc7 27. Kd2 b5 28. Na5 Be3+ 29. Kc3 Bd7 30. a4 g5 31. axb5 axb5 32. fxg5 hxg5 33.
b4 Rh8 34. Re1 Bb6 35. Re2 Bxa5 36. bxa5 f5 37. Kb4 f4 38. gxf4 gxf4 39. a6 f3 40. Rf2 Rh4+ 41. Ka5 Ra4# 0-1

[Event "*** SCC Grand Prix: Titled Tuesday Blitz"]
[Site "Chess.com"]
[Date "2020.09.29"]
[Round "6"]
[White "TST2014"]
[Black "zmeeed67"]
[Result "1-0"]
[WhiteElo "2568"]
[BlackElo "2380"]
[TimeControl "180+1"]
[EndTime "11:05:27 PDT"]
[Termination "TST2014 won by resignation"]

1. d4 Nc6 2. Nf3 d6 3. e4 Bg4 4. d5 Bxf3 5. Qxf3 Ne5 6. Qb3 Qc8 7. f4 Nd7 8. Be3 Ngf6 9. Nd2 g6 10. g3 Bg7 11.
Bh3 Qb8 12. Qa4 b5 13. Qa6 O-O 14. O-O h5 15. c3 Ng4 16. Bd4 Ndf6 17. Bg2 Nd7 18. Nb3 Re8 19. Rfe1 Bf8 20. h3 Ngf6 21. e5 Nh7 22. e6 Ndf6 23. exf7+ Kxf7 24. Re6 Bg7 25. Rae1 Nf8 26. R6e2 N8d7 27. Na5 Qc8 28. Qxb5 Rb8 29. Qd3 Nc5 30. Bxc5 dxc5 31. Nc6 Rb6 32.
Rxe7+ Rxe7 33. Rxe7+ Kg8 34. Qxg6 Qf8 35. Rxc7 Rxb2 36.
Rc8 Rb1+ 37. Kh2 1-0

[Event "*** SCC Grand Prix: Titled Tuesday Blitz"]
[Site "Chess.com"]
[Date "2020.09.29"]
[Round "6"]
[White "Xtrmntr78"]
[Black "GMKrikor"]
[Result "0-1"]
[WhiteElo "2584"]
[BlackElo "2808"]
[TimeControl "180+1"]
[EndTime "11:05:28 PDT"]
[Termination "GMKrikor won on time"]

1. c4 e5 2. Nc3 Nf6 3. Nf3 Nc6 4.
e3 Bb4 5. Nd5 Be7 6. Qc2 O-O 7.
a3 d6 8. Be2 a5 9. h3 Re8 10.
d3 h6 11. O-O Be6 12. Nxf6+ Bxf6 13. Bd2 a4 14. Bc3 g6 15. Rad1 Bg7 16. Rfe1 f5 17.
d4 e4 18. Nd2 d5 19. cxd5 Bxd5 20. Nc4 Qe7 21. f3 exf3 22. gxf3 Qe6 23. Ne5 Nxe5 24. dxe5 Bb3 25. Qc1 Bxd1 26. Rxd1 Bxe5 27. Kh1 c6 28. f4 Bxc3 29. Qxc3 Qe4+ 30. Kh2 Qe7 31.
Bc4+ Kh7 32. Rd2 Rad8 0-1

[Event "*** SCC Grand Prix: Titled Tuesday Blitz"]
[Site "Chess.com"]
[Date "2020.09.29"]
[Round "6"]
[White "OlaaLa"]
[Black "Nastya_Rakhmangulova"]
[Result "0-1"]
[WhiteElo "2318"]
[BlackElo "2442"]
[TimeControl "180+1"]
[EndTime "11:05:28 PDT"]
[Termination "Nastya_Rakhmangulova won on time"]

1. e4 d5 2. d3 dxe4 3. dxe4 Qxd1+ 4. Kxd1 e5 5. Be3 c6 6. Nd2 Bg4+ 7. f3 Be6 8. Bc4 Bxc4 9. Nxc4 Nd7 10. c3 O-O-O 11. Kc2 f6 12. Ne2 Bc5 13. Bxc5 Nxc5 14. Rhd1 Ne7 15.
Nd6+ Kc7 16. Nc4 Rxd1 17. Rxd1 Nc8 18. Ng3 g6 19. b4 Ne6 20. Nf1 h5 21. a4 h4 22. g3 hxg3 23. hxg3 Ng5 24. Ncd2 Nd6 25. Kd3 f5 26. exf5 gxf5 27. f4 exf4 28. gxf4 Rh3+ 29.
Kd4 Ne6+ 30. Ke5 Nf8 31. Kf6 Rxc3 32. Re1 Nd7+ 33. Kg6 Rd3 34. Re3 Rd4 35. Nf3 Rxf4 36.
Ne5 Nxe5+ 37. Rxe5 Rxb4 38. Nd2 f4 39. Re7+ Kb6 40. Re6 Nc4 0-1

[Event "*** SCC Grand Prix: Titled Tuesday Blitz"]
[Site "Chess.com"]
[Date "2020.09.29"]
[Round "6"]
[White "Misticpikachu"]
[Black "RobPeresian"]
[Result "1-0"]
[WhiteElo "2321"]
[BlackElo "2406"]
[TimeControl "180+1"]
[EndTime "11:05:28 PDT"]
[Termination "Misticpikachu won on time"]

1. c4 c6 2. Nf3 d5 3. e3 Nf6 4. Nc3 a6 5. b3 Bg4 6. Bb2 e5 7.
cxd5 cxd5 8. h3 Bxf3 9. Qxf3 Nc6 10. g4 h6 11. Bg2 e4 12. Qe2 Nb4 13. O-O Nd3 14.
Rab1 Nxb2 15. Rxb2 Bd6 16. f3 exf3 17. Qxf3 O-O 18.
Nxd5 Nxd5 19. Qxd5 Qe7 20. Rc2 Rad8 21. Qe4 Qh4 22. Qf3 g6 23. Rc4 Bb8 24. d4 f5 25.
d5 Qe7 26. e4 fxe4 27. Qxe4 Rxf1+ 28. Kxf1 Rf8+ 29. Kg1 Ba7+ 30. Kh1 Qg5 31. d6 Qh4 32. Rc7 1-0

[Event "*** SCC Grand Prix: Titled Tuesday Blitz"]
[Site "Chess.com"]
[Date "2020.09.29"]
[Round "6"]
[White "GHANDEEVAM2003"]
[Black "Akmal_Fayzullaev"]
[Result "0-1"]
[WhiteElo "2990"]
[BlackElo "2326"]
[TimeControl "180+1"]
[EndTime "11:05:29 PDT"]
[Termination "Akmal_Fayzullaev won by resignation"]

1. f3 d5 2. g3 e5 3. Nh3 Nf6 4. Nf2 Bc5 5. Bg2 O-O 6. O-O Re8 7.
e3 c6 8. d3 a5 9. c3 Nbd7 10. Na3 Nf8 11. Nc2 Ba7 12. a4 Ng6 13.
b3 h6 14. Bd2 Qc7 15. Qe2 Bd7 16. Rfb1 h5 17. Kh1 h4 18. g4 Rad8 19. h3 Bc8 20. Rf1 d4 21. Ne4 Nd5 22. cxd4 exd4 23. Nxd4 Bxd4 24. exd4 Ndf4 25. Qe3 Be6 26. Rab1 f5 27. gxf5 Bxf5 28. Rg1 Qc8 29. Bxa5 Rd5 30. Bd2 Bxh3 31. Qf2 Bxg2+ 32. Rxg2 Nxg2 33. Qxg2 Qf5 34. Rg1 Rxd4 35. Kh2 Rxd3 36. Qxg6 Qxg6 37. Rxg6 Rxe4 38. fxe4 Rxd2+ 39. Kh3 Kf7 40. Rg1 Rd3+ 41. Kxh4 Rxb3 42. Rd1 Rb4 43. Kg5 Ke6 44. a5 Rxe4 45. Rb1 Re5+ 46. Kg6 Rb5 47. Ra1 c5 48. Kxg7 c4 49. Kf8 c3 50. Ke8 c2 51. Rc1 Rc5 52. Kf8 Kd5 53. Ke7 Kd4 54. Kd6 Rc6+ 55. Kd7 Kd3 0-1